 Dungeon Crawl Stone Soup version 0.30-a0-636-g200c5c4a83 (webtiles) character file.

Game seed: 16078667690650380545

643263 Syfon the Conqueror (level 27, -6/273 HPs)
             Began as a Minotaur Fighter on Jan 15, 2023.
             Was a High Priest of Okawaru.
             Killed from afar by a balrug (8 damage)
             ... with a bolt of fire
             ... on level 10 of a ziggurat.
             The game lasted 01:49:36 (48359 turns).

Syfon the Conqueror (Minotaur Fighter)             Turns: 48359, Time: 01:49:36

Health: -6/273     AC: 44    Str: 42    XL:     27
Magic:  22/27      EV: 20    Int:  4    God:    Okawaru [*****.]
Gold:   5915       SH: 16    Dex: 10    Spells: 26/26 levels left

rFire   + . .      SeeInvis +    s - +9 broad axe (heavy)
rCold   + . .      Faith    .    Q - +6 buckler of Fulaoxt {Str+4}
rNeg    + + .      Spirit   .    P - +5 pearl dragon scales
rPois   +          Reflect  .    (helmet restricted)
rElec   +          Harm     .    V - +2 cloak {rF+}
rCorr   +          Rampage  .    G - +1 pair of gloves "Yveodyan" {rPois SInv}
Will    ++...                    l - +2 pair of boots
Stlth   +                        n - macabre finger necklace {Finger+ rN+}
HPRegen 0.65/turn                m - ring of Apie {rElec rC+ AC+4}
MPRegen 0.20/turn                K - ring of resist corrosion
                                 c - +4 ring of slaying

@: heroic, finesse-ful, invisible
A: horns 2, retaliatory headbutt, iridescent scales 1, strong 1
}: 4/15 runes: decaying, serpentine, slimy, silver
a: Renounce Religion, Heroism, Finesse, Duel


You were on level 10 of a ziggurat.
You worshipped Okawaru.
Okawaru was extremely pleased with you.
You visited 11 branches of the dungeon, and saw 51 of its levels.
You visited the Abyss 2 times.
You visited 1 ziggurat, and saw 10 of its levels.
You also visited: Trove and Volcano.

You collected 8476 gold pieces.
You spent 2561 gold pieces at shops.

Inventory:

Hand Weapons
 f - a +0 broad axe of electrocution
 h - the +6 war axe of the Orange Skies {pain, rF+++ Will- Int+9 Dex-2}
   (You took it off a deep elf annihilator on level 3 of the Elven Halls)

   Int:       It affects your intelligence (+9).
   Dex:       It affects your dexterity (-2).
   rF:        It renders you almost immune to fire.
   Will:      It decreases your willpower.
 s - a +9 heavy broad axe (weapon)
 B - the +8 autumn katana {manifold assault}
   (You found it on level 7 of a ziggurat)

   Manifold Assault: It sometimes launches melee attacks against multiple
   visible enemies.
Armour
 b - the +2 hat of the Solstice {Str+4}
   (You found it in a treasure trove)

   Str:       It affects your strength (+4).
 l - a +2 pair of boots (worn)
 w - an orb of light
 G - the +1 pair of gloves "Yveodyan" (worn) {rPois SInv}
   (Okawaru gifted it to you on level 1 of the Lair of Beasts)

   rPois:     It protects you from poison.
   SInv:      It lets you see invisible.
 P - +5 pearl dragon scales (worn)
 Q - the +6 buckler of Fulaoxt (worn) {Str+4}
   (You found it in a treasure trove)

   Str:       It affects your strength (+4).
 T - the +4 plate armour of Weightlessness {*Corrode +Blink rC+++ SInv}
   (You took it off an orc warlord on level 1 of the Orcish Mines)

   rC:        It renders you almost immune to cold.
   SInv:      It lets you see invisible.
   +Blink:    It lets you blink.
   *Corrode:  It may corrode you when you take damage.
 V - a +2 cloak of fire resistance (worn)
 X - the +0 hat of the Falcon {rElec rC+ SInv}
   (Okawaru gifted it to you on level 1 of the Snake Pit)

   rC:        It protects you from cold.
   rElec:     It insulates you from electricity.
   SInv:      It lets you see invisible.
Jewellery
 c - a +4 ring of slaying (on amulet)
 m - the ring of Apie (left hand) {rElec rC+ AC+4}
   (You found it on level 3 of the Crypt)

   [ring of protection]

   AC:        It affects your AC (+4).
   rC:        It protects you from cold.
   rElec:     It insulates you from electricity.
 n - the macabre finger necklace (around neck) {Finger+ rN+}
   (You found it on level 5 of the Pits of Slime)

   [amulet of nothing]

   Finger+:   It enables you to equip an extra ring.
   rN:        It protects you from negative energy.
 v - a +5 ring of evasion
 A - an amulet of regeneration
 F - a +5 ring of evasion
 I - an amulet of reflection
 K - a ring of resist corrosion (right hand)
 N - the ring "Cebrif" {rN+ AC+4}
   (You bought it in a shop on level 4 of the Depths)

   [ring of protection]

   AC:        It affects your AC (+4).
   rN:        It protects you from negative energy.
 R - the ring "Tyephiwk" {Fire rN+++ MP-9 Str-3 Dex+2}
   (You found it on level 9 of a ziggurat)

   [ring of fire]

   It enhances your fire magic.
   Str:       It affects your strength (-3).
   Dex:       It affects your dexterity (+2).
   rF:        It protects you from fire.
   rC:        It makes you vulnerable to cold.
   rN:        It renders you almost immune to negative energy.
   MP:        It affects your magic capacity (-9).
 Z - a ring of flight
Wands
 a - a wand of quicksilver (9)
 k - a wand of digging (20)
 x - a wand of iceblast (87)
 U - a wand of polymorph (21)
Scrolls
 d - a scroll of brand weapon
 e - 9 scrolls of fog
 q - 5 scrolls of fear
 t - 10 scrolls of magic mapping
 u - 28 scrolls of teleportation
 y - 16 scrolls of blinking
 C - 3 scrolls of immolation
 O - 3 scrolls of silence
Potions
 g - 7 potions of magic
 i - 9 potions of mutation
 j - 29 potions of curing
 o - 6 potions of cancellation
 p - 3 potions of heal wounds
 z - 10 potions of might
 D - 11 potions of attraction
 E - 3 potions of ambrosia
 H - 11 potions of flight
 J - 8 potions of brilliance
 L - 6 potions of invisibility
 W - 10 potions of haste
Miscellaneous
 r - a tin of tremorstones (2/2)
 M - a condenser vane


   Skills:
 O Level 27 Fighting
 + Level 26.6(27) Axes
 + Level 25.6(27) Armour
 + Level 23.6(27) Dodging
 + Level 25.6(27) Shields
 - Level 7.0 Invocations


You had 26 spell levels left.
You didn't know any spells.
Your spell library contained the following spells:

 Spells                   Type           Power      Damage    Failure   Level
 Kiss of Death            Conj/Necr      0%         2d5       58%         1
 Magic Dart               Conj           0%         1d3       58%         1
 Necrotise                Necr           0%         1d4       58%         1
 Shock                    Conj/Air       0%         1d3       58%         1
 Slow                     Hex            0%         N/A       58%         1
 Blink                    Tloc           0%         N/A       75%         2
 Cigotuvi's Dreadful Rot  Necr/Pois/Air  0%         N/A       75%         2
 Ensorcelled Hibernation  Hex/Ice        0%         N/A       75%         2
 Momentum Strike          Conj/Tloc      0%         3d8       75%         2
 Passwall                 Tmut/Erth      0%         N/A       75%         2
 Poisonous Vapours        Pois/Air       0%         N/A       75%         2
 Scorch                   Fire           0%         2d5       75%         2
 Static Discharge         Conj/Air       0%         2-2/arc   75%         2
 Sublimation of Blood     Necr           0%         N/A       75%         2
 Wereblood                Tmut           0%         N/A       75%         2
 Confusing Touch          Hex            0%         N/A       92%         3
 Dazzling Flash           Conj/Hex       0%         N/A       92%         3
 Frozen Ramparts          Ice            0%         1d1       92%         3
 Gell's Gravitas          Tloc           0%         N/A       92%         3
 Hailstorm                Conj/Ice       0%         3d3       92%         3
 Inner Flame              Hex/Fire       0%         N/A       92%         3
 Kindle Blastsparks       Fire/Tloc/Air  0%         2d10      92%         3
 Lesser Beckoning         Tloc           0%         N/A       92%         3
 Mephitic Cloud           Conj/Pois/Air  0%         N/A       92%         3
 Ozocubu's Armour         Ice            0%         N/A       92%         3
 Stone Arrow              Conj/Erth      0%         3d7       92%         3
 Swiftness                Air            0%         N/A       92%         3
 Teleport Other           Tloc           0%         N/A       92%         3
 Vampiric Draining        Necr           0%         2d6       92%         3
 Vhi's Electric Charge    Tloc/Air       0%         N/A       92%         3
 Airstrike                Air            0%         2d(0-16)  100%        4
 Dispel Undead            Necr           0%         3d6       100%        4
 Flame Wave               Conj/Fire      0%         2d4       100%        4
 Fulminant Prism          Conj/Hex       0%         3d5       100%        4
 Ice Form                 Ice/Tmut       0%         N/A       100%        4
 Iskenderun's Mystic Bla  Conj/Tloc      0%         2d3       100%        4
 Leda's Liquefaction      Hex/Erth       0%         N/A       100%        4
 Manifold Assault         Tloc           0%         N/A       100%        4
 Passage of Golubria      Tloc           0%         N/A       100%        4
 Petrify                  Tmut/Erth      0%         N/A       100%        4
 Sticky Flame             Conj/Fire      0%         2d3       100%        4
 Alistair's Intoxication  Tmut/Pois      0%         N/A       100%        5
 Arcjolt                  Conj/Air       0%         1d10      100%        5
 Blade Hands              Tmut           0%         N/A       100%        5
 Borgnjor's Vile Clutch   Necr/Erth      0%         N/A       100%        5
 Fireball                 Conj/Fire      0%         3d3       100%        5
 Freezing Cloud           Conj/Ice/Air   0%         6-21      100%        5
 Irradiate                Conj/Tmut      0%         3d11      100%        5
 Iskenderun's Battlesphe  Conj           0%         2d6       100%        5
 Lee's Rapid Deconstruct  Erth           0%         3d4*      100%        5
 Lightning Bolt           Conj/Air       0%         1d11      100%        5
 Metabolic Englaciation   Hex/Ice        0%         N/A       100%        5
 Yara's Violent Unravell  Hex/Tmut       0%         3d3       100%        5
 Conjure Ball Lightning   Conj/Air       0%         3x3d6     100%        6
 Dispersal                Tloc           0%         N/A       100%        6
 Eringya's Noxious Bog    Tmut/Pois      0%         N/A       100%        6
 Starburst                Conj/Fire      0%         6d3       100%        6
 Statue Form              Tmut/Erth      0%         N/A       100%        6
 Dragon Form              Tmut           0%         N/A       100%        7
 Orb of Destruction       Conj           0%         9d5       100%        7
 Ozocubu's Refrigeration  Ice            0%         4d7       100%        7
 Storm Form               Tmut/Air       0%         N/A       100%        7
 Disjunction              Tloc           0%         N/A       100%        8
 Lehudib's Crystal Spear  Conj/Erth      0%         10d2      100%        8
 Maxwell's Capacitive Co  Air            0%         ∞         100%        8
 Necromutation            Tmut/Necr      0%         N/A       100%        8
 Fire Storm               Conj/Fire      0%         5d1       100%        9
 Polar Vortex             Ice            0%         N/A       100%        9
 Call Imp                 Summ           Unusable   N/A       N/A         2
 Summon Guardian Golem    Hex/Summ       Unusable   N/A       N/A         3
 Tukima's Dance           Hex            Unusable   N/A       N/A         3
 Animate Armour           Summ/Erth      Unusable   N/A       N/A         4
 Animate Dead             Necr           Unusable   N/A       N/A         4
 Summon Ice Beast         Ice/Summ       Unusable   N/A       N/A         4
 Summon Lightning Spire   Summ/Air       Unusable   N/A       N/A         4
 Death Channel            Necr           Unusable   N/A       N/A         6
 Simulacrum               Ice/Necr       Unusable   N/A       N/A         6
 Summon Cactus Giant      Summ           Unusable   N/A       N/A         6
 Malign Gateway           Summ/Tloc      Unusable   N/A       N/A         7
 Spellforged Servitor     Conj/Summ      Unusable   N/A       N/A         7
 Summon Hydra             Summ           Unusable   N/A       N/A         7
 Summon Horrible Things   Summ           Unusable   N/A       N/A         8

Dungeon Overview and Level Annotations

Branches:
Dungeon (15/15)            Temple (1/1) D:7            Lair (5/5) D:9
  Swamp (4/4) Lair:2        Snake (4/4) Lair:3        Slime (5/5) Lair:5
    Orc (2/2) D:12            Elf (3/3) Orc:2        Vaults (5/5) D:14
  Crypt (3/3) Vaults:3       Tomb (0/3) Crypt:3      Depths (4/4) D:15
    Zot (0/5) Depths:4    Volcano (visited)

Altars:
Ashenzari
Cheibriados
Dithmenos
Elyvilon
Fedhas
Gozag
Hepliaklqana
Kikubaaqudgha
Makhleb
Nemelex Xobeh
Okawaru
Qazlal
Ru
Sif Muna
Trog
Uskayaw
Vehumet
Wu Jian
Xom
Yredelemnul
Zin
The Shining One
Jiyva

Shops:
D:3 *   D:6 (   D:7 :   D:8 *   Orc:2 :*![   Elf:1 =   Elf:3 *   Snake:2 [
Snake:4 *   Vaults:1 (   Vaults:2 :   Vaults:5 :=(   Depths:1 ?=[
Depths:4 ===:

Portals:
Hell: Depths:1 Depths:2 Depths:3 Depths:4
Abyss: Depths:3
Pandemonium: Depths:2 Depths:3

Annotations:
D:10 2 transporters, Conn's ghost, journeyman DEHW
Lair:1 exclusion: 3 oklob plants
Lair:2 2 transporters, Poykh's ghost, journeyman DjFE
Swamp:4 1 runed translucent door, brujo666's ghost, adept DsGl
Crypt:3 2 transporters, Bauwoixt's ghost, veteran GrFi; Xoga's ghost, adept DDNe


Innate Abilities, Weirdness & Mutations

You have a pair of horns on your head.
You reflexively headbutt those who attack you in melee.
You are partially covered in iridescent scales. (AC +2)
Your muscles are strong. (Str +4, Int/Dex -1)


Message History

You block the stoker's attack.
The searing wretch claws you but does no damage.
You block the searing wretch's attack. The searing wretch barely misses you.
The searing wretch completely misses you.
The searing wretch claws you but does no damage.
The searing wretch bites you but does no damage.
Unknown command.
You slash the searing wretch!
The searing wretch is severely damaged.
You closely miss the balrug. You hit the balrug.
You catch the helpless searing wretch completely off-guard!
You slash the searing wretch! You slice the balrug!!
You strike the helpless stoker from behind!
You cut the stoker into ribbons!!! The balrug gestures at you.
Something smites you!
* * * LOW HITPOINT WARNING * * *
The balrug gestures at you. Something smites you!
* * * LOW HITPOINT WARNING * * *
The balrug gestures at you.
The bolt of fire hits the searing wretch.
The searing wretch completely resists.
The bolt of fire hits you. You resist.
* * * LOW HITPOINT WARNING * * *
The balrug hits you but does no damage.
The balrug hits you with a +2 demon whip of electrocution.
* * * LOW HITPOINT WARNING * * *
You are engulfed in flames!
You resist.
* * * LOW HITPOINT WARNING * * *
The searing wretch misses you. You furiously retaliate!
You headbutt the searing wretch!
You block the searing wretch's attack. x4
The searing wretch misses you.
Unknown command.
Blink to where?
Press: ? - help, Dir - move target
Found a glimmering rapier.
As you read the scroll of blinking, it crumbles to dust.
The balrug gestures at you. The bolt of fire hits you! You resist.
You die...

▓▓▓▓▓▓▓▓▓▓▓
▓▓.........▓▓
▓▓...........▓▓
▓▓[............▓▓
▓▓/}....L........▓
▓▓∩?(?.*n.2........
▓)@}$).2n§........∩
▓▓∩?$..222.........
▓▓!}.............▓
▓▓.............▓▓
▓▓...........▓▓
▓▓.........▓▓
▓▓▓▓▓▓▓▓▓▓▓


You could see 2 searing wretches, a stoker (unable to see you), 4 balrugs and a
creeping inferno (summoned, unable to see you).

Vanquished Creatures
  the Royal Jelly (Slime:5)
  3 dread liches
  An ancient lich (Crypt:3)
  Sojobo (Vaults:4)
  Saint Roka (Crypt:3)
  Xtahua (Crypt:3)
  Bai Suzhen (Vaults:4)
  A pandemonium lord (Zig:1)
  3 golden dragons
  Nikola (Elf:3)
  A bone dragon (Crypt:3)
  2 doom hounds (Crypt:3)
  2 Tzitzimimeh (Crypt:2)
  A shard shrike zombie (Crypt:3)
  2 tentacled monstrosities
  Grunn (Crypt:3)
  Zenata (Vaults:2)
  3 liches
  A quicksilver dragon (Vaults:5)
  A deep elf master archer (Elf:3)
  A searing wretch (Zig:10)
  8 titans
  A deep elf blademaster (Elf:3)
  21 acid blobs
  A tentacled starspawn (Zig:4)
  An eldritch tentacle (Zig:1)
  3 ancient champions
  4 sphinxes
  Frances (D:13)
  2 thorn hunters
  The ghost of Decipherer the Bludgeoner, an adept MiBe of Trog (Depths:1)
  10 tengu reavers
  10 storm dragons
  4 shadow dragons (Vaults:5)
  Donald (Snake:4)
  5 nagarajas
  A draconian monk (Depths:4)
  Roxanne (Snake:4)
  2 fenstrider witches
  A revenant (Crypt:3)
  12 azure jellies
  7 fire giants
  6 deep elf sorcerers
  8 rockslimes
  4 balrugs (Zig:10)
  15 vault wardens
  6 frost giants
  23 ironbound preservers
  2 juggernaut zombies
  4 deep elf elementalists (Elf:3)
  3 caustic shrike zombies
  A curse skull (Crypt:3)
  5 ghouls
  4 draconian stormcallers (Depths:4)
  20 very ugly things
  8 war gargoyles
  11 quicksilver oozes
  An angel (Depths:2)
  A reaper (Crypt:3)
  A spriggan defender (Depths:2)
  A green draconian (Depths:4)
  5 ironbound thunderhulks
  13 stone giants
  A juggernaut skeleton (Depths:3)
  20 vampire knights
  5 orc warlords
  3 caustic shrike skeletons
  3 deep elf demonologists
  7 eleionomae
  A black draconian (Depths:4)
  A white draconian (Depths:4)
  6 deep elf annihilators
  5 bunyips
  A red draconian (Depths:4)
  A wendigo (Zig:2)
  10 spark wasps
  5 eidola
  10 dire elephants
  11 deep elf death magi
  A green death (Zig:5)
  2 mummy priests (Zig:8)
  10 ettins
  8 deep elf high priests
  7 fire dragons
  A crystal guardian (Vaults:2)
  2 shambling mangroves
  9 jiangshi
  An entropy weaver (Vaults:2)
  The ghost of mrchoslav the Spear-Bearer, a journeyman MiBe of Trog (Orc:1)
  A quicksilver dragon zombie (Crypt:3)
  2 spriggan zombies (Crypt:3)
  17 yaktaur captains
  Fannar (D:10)
  4 ice dragons
  27 vault guards
  25 hydras
  10 great orbs of eyes
  A rakshasa (Depths:2)
  A hell beast (Depths:3)
  7 ogre magi
  A spriggan skeleton (Depths:3)
  A catoblepas (D:13)
  3 peacekeepers
  6 boulder beetles
  2 salamander tyrants (Snake:4)
  12 ironbound frosthearts
  29 centaur warriors
  11 alligators
  5 spriggan air magi
  9 anacondas
  7 tengu warriors
  A ghost crab (Swamp:2)
  26 dancing weapons
  23 two-headed ogres
  4 hell hogs (Abyss:3)
  8 vampire magi
  20 naga warriors
  2 thrashing horrors (Abyss:3)
  A death knight (Crypt:2)
  10 deep troll earth magi
  6 deep troll shamans
  A shock serpent (shapeshifter) (Vaults:1)
  17 deep elf knights
  18 naga sharpshooters
  2 orc high priests
  2 spriggan berserkers
  8 shock serpents
  2 soul eaters
  An emperor scorpion zombie (Crypt:1)
  3 sun demons (Depths:2)
  23 hell knights
  Amaemon (D:10)
  A wretched star (Abyss:3)
  9 iron trolls
  A shadow wraith (Crypt:3)
  A bunyip zombie (Crypt:3)
  55 skeletal warriors
  2 death drakes
  5 goliath frogs
  A spark wasp zombie (Crypt:3)
  3 sixfirhies
  11 salamander mystics
  A storm dragon skeleton (Depths:3)
  2 spriggan druids (Swamp:3)
  3 bog bodies
  55 deep trolls
  19 ironbound convokers
  7 naga ritualists
  2 flayed ghosts
  10 swamp dragons
  2 glowing orange brains
  2 golden dragon skeletons (Crypt:3)
  13 lindwurms
  29 phantasmal warriors
  An iron dragon zombie (Crypt:3)
  9 wizards
  An anaconda skeleton (Crypt:2)
  11 necromancers
  5 deep elf archers
  6 orc sorcerers
  25 deep elf zephyrmancers
  2 sphinx zombies
  26 deep elf pyromancers
  12 orc knights
  9 mana vipers
  4 shining eyes
  2 tengu skeletons (Zig:8)
  A sphinx skeleton (Depths:3)
  4 cyclopes
  A fire giant zombie (Crypt:2)
  41 ugly things
  20 salamanders
  A stone giant zombie (Crypt:3)
  2 manticores
  A jorogumo skeleton (Crypt:1)
  5 will-o-the-wisps
  A moth of wrath (Zig:3)
  A goliath frog skeleton (Crypt:1)
  4 large abominations
  A dire elephant zombie (Crypt:3)
  15 elephants
  A cyclops (shapeshifter) (Depths:2)
  An eye of devastation (Depths:1)
  4 guardian serpents
  A fire giant skeleton (Depths:3)
  18 vault sentinels
  37 black mambas
  A rust devil (Depths:3)
  A grey draconian zombie (Crypt:3)
  16 naga magi
  A torpor snail (Lair:3)
  3 orange demons
  A stone giant skeleton (Crypt:1)
  A red draconian zombie (Crypt:1)
  Psyche (D:10)
  19 cane toads
  3 freezing wraiths
  A hellion (Depths:2)
  A sea snake zombie (Crypt:2)
  2 efreet
  3 kobold demonologists
  4 rime drakes
  5 komodo dragons
  6 tengu conjurers
  A tormentor (Abyss:3)
  35 yaktaurs
  A merfolk (shapeshifter) (Depths:1)
  15 trolls
  2 harpy zombies (Crypt:3)
  3 guardian mummies (Zig:8)
  2 tarantellas (shapeshifter)
  14 tyrant leeches
  30 blink frogs
  12 hornets
  A polar bear (Lair:4)
  Prince Ribbit (D:9)
  Grinder (D:4)
  A queen bee (shapeshifter) (Vaults:5)
  A stone giant simulacrum (Crypt:3)
  2 small abominations (Abyss:3)
  2 dream sheep (Lair:3)
  A hydra skeleton (Crypt:3)
  A satyr zombie (Crypt:2)
  59 slime creatures
  A culicivora (Vaults:2)
  A water elemental (Elf:2)
  2 ettin skeletons
  7 flying skulls
  10 spriggans
  Sigmund (D:2)
  A ynoxinul (Depths:2)
  An ushabti (Zig:8)
  A culicivora (shapeshifter) (Vaults:5)
  44 yaks
  3 shadows
  3 fire elementals
  A human (shapeshifter) (Elf:1)
  An air elemental (Elf:3)
  14 wraiths
  3 basilisks
  4 golden eyes
  3 wyverns
  A wind drake skeleton (Crypt:3)
  Menkaure (D:6)
  A redback (shapeshifter) (Vaults:5)
  A steam dragon (D:8)
  A chaos spawn (Abyss:3)
  20 vampire mosquitoes
  A glowing shapeshifter zombie (Crypt:1)
  A naga zombie (Crypt:3)
  49 nagas
  2 wargs (Orc:1)
  8 water moccasins
  A water moccasin (shapeshifter) (Vaults:5)
  Edmund (D:6)
  19 swamp worms
  3 acid dragons
  A floating eye (shapeshifter) (D:14)
  A naga skeleton (Crypt:1)
  3 black bears
  10 swamp drakes
  5 ice beasts (D:9)
  31 orc warriors
  2 sky beasts
  A blink frog zombie (Crypt:3)
  2 demonspawn skeletons (Crypt:1)
  3 boggarts (Vaults:4)
  10 centaurs
  29 ogres
  A snapping turtle skeleton (Crypt:2)
  13 wolves
  A dream sheep skeleton (Crypt:2)
  A phantom (D:7)
  An elf zombie (Crypt:1)
  Blork the orc (D:6)
  4 kobold brigands
  A swamp dragon skeleton (Crypt:2)
  16 bullfrogs
  A scorpion (D:5)
  2 naga simulacra (Crypt:3)
  A draconian skeleton (Crypt:2)
  5 necrophages
  3 wights (D:7)
  17 killer bees
  2 howler monkeys (D:7)
  2 lava snakes (D:7)
  3 quasits (D:8)
  17 orc priests
  A gnoll bouda (D:5)
  3 hounds (D:4)
  Crazy Yiuf (D:2)
  7 starcursed masses (Zig:4)
  Jessica (D:2)
  2 centaur skeletons
  5 hell rats (Lair:3)
  2 iguanas (D:6)
  23 orc wizards
  9 mummies (Zig:8)
  Robin (D:2)
  4 adders
  4 gnolls
  2 shadow imps (D:7)
  2 white imps
  3 ufetubi
  A worm (D:4)
  6 dart slugs
  65 orcs
  4 bats
  6 endoplasms
  3 giant cockroaches
  15 goblins
  9 hobgoblins
  3 jackals (D:4)
  13 kobolds
  A quokka (D:4)
  14 ball pythons
  6 frilled lizards
  A frilled lizard zombie (Crypt:1)
  A quokka skeleton (Crypt:3)
  6 rats
  2 briar patches (Swamp:4)
  2 starspawn tentacles (Zig:4)
2152 creatures vanquished.

Vanquished Creatures (others)
  A titan (Vaults:5)
  A vault warden (Vaults:5)
  A wizard (Vaults:3)
  An ironbound convoker (Vaults:5)
  A yaktaur (Vaults:5)
  4 bloated husks
  A sphinx simulacrum (Zig:2)
  A swamp worm (shapeshifter) (Vaults:5)
  A naga (Snake:4)
  3 boggarts
  16 foxfires
  25 fungi
  81 plants
  2 starspawn tentacles (Zig:4)
  5 toadstools (D:1)
144 creatures vanquished.

Grand Total: 2296 creatures vanquished

Notes
Turn   | Place    | Note
-------+----------+-------------------------------------------
     0 | D:1      | Syfon the Minotaur Fighter began the quest for the Orb.
     0 | D:1      | Reached XP level 1. HP: 19/19 MP: 0/0
    14 | D:1      | Reached XP level 2. HP: 7/27 MP: 1/1
   104 | D:1      | Found a faded altar of an unknown god.
   377 | D:1      | Reached skill level 1 in Dodging
   664 | D:1      | Reached skill level 4 in Fighting
   749 | D:2      | Reached XP level 3. HP: 33/33 MP: 2/2
   766 | D:2      | Noticed Jessica
   775 | D:2      | Killed Jessica
   776 | D:2      | Reached XP level 4. HP: 38/40 MP: 3/3
  1049 | D:2      | Noticed Sigmund
  1060 | D:2      | Killed Sigmund
  1061 | D:2      | Reached XP level 5. HP: 18/47 MP: 4/4
  1222 | D:2      | Found a hide-covered altar of Uskayaw.
  1225 | D:2      | Noticed Robin
  1231 | D:2      | Killed Robin
  1481 | D:2      | Found a runed translucent door.
  1482 | D:2      | Noticed Crazy Yiuf
  1490 | D:2      | Killed Crazy Yiuf
  1491 | D:2      | Reached XP level 6. HP: 42/55 MP: 5/5
  1568 | D:3      | Found Jesero's Assorted Antiques.
  1584 | D:3      | Bought a scroll labelled LUEP WAONKE for 24 gold pieces
  1584 | D:3      | Bought a blue potion for 21 gold pieces
  1584 | D:3      | Bought a scroll labelled QOQY RIHAUSSAFE for 24 gold pieces
  1634 | D:3      | Reached skill level 5 in Armour
  1791 | D:3      | Reached skill level 5 in Shields
  1921 | D:3      | Bought a scroll labelled VEZ POICVE for 24 gold pieces
  2385 | D:3      | Bought a scroll labelled VEZ POICVE for 24 gold pieces
  2438 | D:3      | Gained mutation: You have supernaturally acute eyesight.
                  | (SInv) [potion of mutation]
  2438 | D:3      | Gained mutation: Your natural rate of healing is unusually
                  | fast. [potion of mutation]
  2474 | D:4      | Reached skill level 5 in Fighting
  2547 | D:4      | Noticed Grinder
  2551 | D:4      | Paralysed by Grinder for 2 turns
  2561 | D:4      | Reached XP level 7. HP: 44/61 MP: 6/6
  2564 | D:4      | Killed Grinder
  2810 | D:4      | Reached skill level 5 in Axes
  2846 | D:5      | Entered Level 5 of the Dungeon
  2915 | D:5      | Reached skill level 6 in Fighting
  3053 | D:5      | Reached XP level 8. HP: 17/70 MP: 7/7
  3640 | D:6      | Noticed Edmund
  3649 | D:6      | Killed Edmund
  3650 | D:6      | Reached skill level 5 in Dodging
  3767 | D:6      | Noticed Menkaure
  3773 | D:6      | Killed Menkaure
  3774 | D:6      | Reached skill level 7 in Fighting
  3818 | D:6      | Found Yraq Joe's Antique Weapon Boutique.
  3841 | D:6      | Noticed Blork the orc
  3852 | D:6      | Killed Blork the orc
  4332 | D:6      | Reached XP level 9. HP: 79/79 MP: 8/8
  4484 | D:7      | Found a staircase to the Ecumenical Temple.
  4504 | Temple   | Entered the Ecumenical Temple
  4823 | Temple   | Became a worshipper of Warmaster Okawaru
  4893 | D:7      | Found Desujodu's Book Shoppe.
  4915 | D:7      | Reached * piety under Okawaru
  4963 | D:7      | Reached skill level 8 in Fighting
  5154 | D:7      | Found a bloodstained altar of Trog.
  5264 | D:8      | Noticed a two-headed ogre
  5278 | D:8      | Killed a two-headed ogre
  5278 | D:8      | Reached ** piety under Okawaru
  5279 | D:8      | Reached XP level 10. HP: 78/90 MP: 9/9
  5324 | D:8      | Noticed a two-headed ogre
  5335 | D:8      | Killed a two-headed ogre
  5335 | D:8      | Reached *** piety under Okawaru
  5410 | D:8      | Reached skill level 9 in Fighting
  5654 | D:8      | Identified the +0 ring mail of Fycumose {*Slow +Blink Str+4
                  | Stlth+}
  5657 | D:8      | Found Gelinar's Demolitions Depot.
  6078 | D:9      | Noticed Prince Ribbit
  6085 | D:9      | Killed Prince Ribbit
  6241 | D:9      | Reached **** piety under Okawaru
  6291 | D:9      | Found a staircase to the Lair.
  6316 | D:9      | Reached XP level 11. HP: 99/99 MP: 10/10
  6557 | D:10     | Entered Level 10 of the Dungeon
  6571 | D:10     | Reached skill level 10 in Shields
  6596 | D:10     | Noticed Fannar
  6615 | D:10     | Killed Fannar
  6615 | D:10     | Reached ***** piety under Okawaru
  6616 | D:10     | Reached skill level 10 in Fighting
  6616 | D:10     | Reached skill level 10 in Armour
  6695 | D:10     | Noticed a two-headed ogre
  6701 | D:10     | Killed a two-headed ogre
  6729 | D:10     | Noticed Conn's ghost (journeyman DEHW)
  6823 | D:10     | Reached skill level 10 in Axes
  6924 | D:10     | Noticed Amaemon
  6934 | D:10     | Killed Amaemon
  6934 | D:10     | Received a gift from Okawaru
  7088 | D:10     | Found a transporter.
  7088 | D:10     | Found a transporter.
  7513 | D:10     | Noticed Psyche
  7521 | D:10     | Killed Psyche
  7696 | D:11     | Reached skill level 11 in Fighting
  7735 | D:11     | Noticed a boulder beetle
  7753 | D:11     | Killed a boulder beetle
  7819 | D:11     | Noticed a skeletal warrior
  7819 | D:11     | Noticed a skeletal warrior
  7819 | D:11     | Noticed a skeletal warrior
  8126 | D:11     | Killed a skeletal warrior
  8127 | D:11     | Reached XP level 12. HP: 75/110 MP: 11/11
  8205 | D:11     | Reached ****** piety under Okawaru
  8287 | D:11     | Reached skill level 10 in Dodging
  8569 | D:12     | Identified the -1 buckler "Lopetzoa" {rF- Dex+3 Stlth+}
  8687 | D:12     | Found a staircase to the Orcish Mines.
  9177 | D:12     | Noticed a boulder beetle
  9191 | D:12     | Killed a boulder beetle
  9191 | D:12     | Received a gift from Okawaru
  9249 | D:12     | Noticed a two-headed ogre
  9254 | D:12     | Killed a two-headed ogre
  9276 | D:12     | Reached skill level 12 in Fighting
  9385 | D:13     | Noticed a tengu warrior
  9387 | D:13     | Noticed a boulder beetle
  9393 | D:13     | Noticed a catoblepas
  9422 | D:13     | Killed a boulder beetle
  9422 | D:13     | Killed a tengu warrior
  9643 | D:13     | Killed a catoblepas
  9710 | D:13     | Noticed a centaur warrior
  9716 | D:13     | Killed a centaur warrior
  9716 | D:13     | Received a gift from Okawaru
  9737 | D:13     | Noticed Frances
  9739 | D:13     | Reached XP level 13. HP: 67/119 MP: 12/12
  9753 | D:13     | Killed Frances
  9980 | D:13     | Found a portal to a secret trove of treasure.
 10672 | D:14     | Received a gift from Okawaru
 10766 | D:14     | Reached skill level 13 in Fighting
 10929 | D:14     | Noticed an ettin
 10938 | D:14     | Killed an ettin
 11148 | D:14     | Found a gate to the Vaults.
 11273 | Lair:1   | Entered Level 1 of the Lair of Beasts
 11286 | Lair:1   | Identified the +1 pair of gloves "Yveodyan" {rPois SInv}
                  | (Okawaru gifted it to you on level 1 of the Lair of Beasts)
 11286 | Lair:1   | Received a gift from Okawaru
 11472 | Lair:1   | Paralysed by a floating eye for 4 turns
 11481 | Lair:1   | Paralysed by a floating eye for 3 turns
 12209 | Lair:2   | Found a staircase to the Swamp.
 12433 | Lair:2   | Noticed Poykh's ghost (journeyman DjFE)
 12450 | Lair:2   | Found a transporter.
 12693 | Lair:2   | Found a transporter.
 12830 | Lair:2   | Identified 4 scrolls of acquirement
 12830 | Lair:2   | Acquired 897 gold pieces
 12838 | Lair:2   | Acquired a manual of Fighting
 13065 | D:13     | You paid a toll of 2 scrolls of acquirement to enter a
                  | treasure trove
 13066 | Trove    | Entered a treasure trove
 13072 | Trove    | Identified the +2 hat of the Solstice {Str+4}
 13076 | Trove    | Identified the +6 buckler of Fulaoxt {Str+4}
 13078 | Trove    | Identified the +0 tower shield of Plasticity {Harm +Inv rC-
                  | Str+7}
 13082 | Trove    | Identified the +0 cloak of Gaihuogg {Harm rC- rN+ Int+2}
 13084 | Trove    | Identified the +1 hat "Fuimiaqe" {Contam Will+ Stlth+}
 13085 | Trove    | Identified the +0 pair of boots of the Hot Ocelot {rElec
                  | Str+3 Int+2 Dex-3}
 13087 | Trove    | Identified the +0 pair of gloves of Follow the Leader
                  | {Regen+ Int+2}
 13614 | Lair:3   | Reached XP level 14. HP: 130/130 MP: 13/13
 13650 | Lair:3   | Reached skill level 14 in Fighting
 14324 | Lair:3   | Found a staircase to the Snake Pit.
 14470 | Lair:4   | Identified the +0 cloak of Okawaru's Benevolence {Dex+3}
                  | (Okawaru gifted it to you on level 4 of the Lair of Beasts)
 14470 | Lair:4   | Received a gift from Okawaru
 15295 | Lair:5   | Entered Level 5 of the Lair of Beasts
 15337 | Lair:5   | Reached skill level 1 in Invocations
 15357 | Lair:5   | Reached skill level 15 in Fighting
 15617 | Lair:5   | Received a gift from Okawaru
 15907 | Lair:5   | Found a staircase to the Slime Pits.
 15907 | Lair:5   | Found a viscous altar of Jiyva.
 16407 | Orc:1    | Entered Level 1 of the Orcish Mines
 16499 | Orc:1    | Found a runed translucent gate.
 16499 | Orc:1    | Found a runed translucent gate.
 16499 | Orc:1    | Found a runed translucent gate.
 16502 | Orc:1    | Noticed mrchoslav's ghost (journeyman MiBe)
 16502 | Orc:1    | Identified the +4 plate armour of Weightlessness {*Corrode
                  | +Blink rC+++ SInv}
 16502 | Orc:1    | Noticed an orc warlord
 16603 | Orc:2    | Entered Level 2 of the Orcish Mines
 16701 | Orc:2    | Found a dark tunnel.
 16706 | Volcano  | Entered a volcano
 16768 | Volcano  | Reached XP level 15. HP: 143/143 MP: 16/16
 17251 | Orc:2    | Reached skill level 16 in Fighting
 17678 | Orc:2    | Reached skill level 15 in Armour
 17680 | Orc:2    | Reached skill level 15 in Shields
 17694 | Orc:2    | Identified the +1 chain mail of the Present {rElec Regen+
                  | Str+5 Stlth-} (Okawaru gifted it to you on level 2 of the
                  | Orcish Mines)
 17694 | Orc:2    | Received a gift from Okawaru
 17738 | Orc:2    | Reached skill level 15 in Axes
 17797 | Orc:2    | Found a staircase to the Elven Halls.
 17802 | Orc:2    | Found Xony's Book Shop.
 17802 | Orc:2    | Found Engit's Distillery.
 17802 | Orc:2    | Found Sipirret's Assorted Antiques.
 17802 | Orc:2    | Found Yczoes's Antique Armour Boutique.
 17812 | Orc:2    | Bought a potion of might for 112 gold pieces
 17814 | Orc:2    | Bought a potion of mutation for 128 gold pieces
 17814 | Orc:2    | Bought a potion of curing for 48 gold pieces
 17814 | Orc:2    | Bought a potion of curing for 48 gold pieces
 17814 | Orc:2    | Bought a potion of curing for 48 gold pieces
 17814 | Orc:2    | Bought a potion of heal wounds for 80 gold pieces
 17814 | Orc:2    | Bought 3 potions of curing for 144 gold pieces
 17814 | Orc:2    | Bought a potion of ambrosia for 128 gold pieces
 18230 | Orc:1    | Killed mrchoslav's ghost
 18351 | D:15     | Entered Level 15 of the Dungeon
 18467 | D:15     | Found a staircase to the Depths.
 18495 | D:15     | Reached skill level 17 in Fighting
 18504 | D:15     | Reached skill level 5 in Invocations
 19374 | Snake:1  | Entered Level 1 of the Snake Pit
 20301 | Snake:1  | Identified the +0 hat of the Falcon {rElec rC+ SInv}
                  | (Okawaru gifted it to you on level 1 of the Snake Pit)
 20301 | Snake:1  | Received a gift from Okawaru
 20302 | Snake:1  | Reached XP level 16. HP: 152/156 MP: 19/19
 20773 | Snake:2  | Identified the +3 scale mail "Wyxt" {+Inv}
 21157 | Snake:2  | Identified the +4 ring mail of Kleptomania {Str+2}
 21221 | Snake:2  | Found Towy's Armour Shop.
 22064 | Snake:3  | Reached skill level 18 in Fighting
 23310 | Swamp:1  | Entered Level 1 of the Swamp
 23496 | Swamp:1  | Received a gift from Okawaru
 23817 | Swamp:1  | Noticed a tentacled monstrosity
 23825 | Swamp:1  | Killed a tentacled monstrosity
 24036 | Swamp:2  | Reached skill level 19 in Fighting
 24040 | Swamp:2  | Reached skill level 15 in Dodging
 24062 | Swamp:2  | You are sucked into a shaft and drop 1 floor!
 24278 | Swamp:2  | Reached XP level 17. HP: 168/168 MP: 21/21
 24913 | Swamp:3  | Identified the +1 robe of Action {Harm rElec}
 24973 | Swamp:3  | Identified the +1 pair of boots of Mumblety Peg {Dex+3}
 25114 | Swamp:4  | Entered Level 4 of the Swamp
 25124 | Swamp:4  | Paralysed by a fenstrider witch for 4 turns
 25316 | Swamp:4  | Received a gift from Okawaru
 25321 | Swamp:4  | Reached skill level 20 in Fighting
 25615 | Swamp:4  | Got a decaying rune of Zot
 25716 | Swamp:4  | Noticed brujo666's ghost (adept DsGl)
 25716 | Swamp:4  | Found a runed translucent door.
 26097 | Swamp:4  | Received a gift from Okawaru
 26375 | Snake:4  | Entered Level 4 of the Snake Pit
 26376 | Snake:4  | Found Nyajeeh's General Store.
 26394 | Snake:4  | Bought a scroll of teleportation for 36 gold pieces
 26394 | Snake:4  | Bought a potion of invisibility for 96 gold pieces
 26740 | Snake:4  | Identified the +1 crystal plate armour of the Fletcher
                  | {+Blink Will- Dex+8 SInv} (Okawaru gifted it to you on
                  | level 4 of the Snake Pit)
 26740 | Snake:4  | Received a gift from Okawaru
 26773 | Snake:4  | Reached XP level 18. HP: 122/180 MP: 22/22
 26817 | Snake:4  | Reached skill level 21 in Fighting
 26943 | Snake:4  | Got a serpentine rune of Zot
 27020 | Snake:4  | Noticed Roxanne
 27043 | Snake:4  | Killed Roxanne
 27173 | Snake:4  | Noticed Donald
 27189 | Snake:4  | Killed Donald
 27912 | Vaults:1 | Entered Level 1 of the Vaults
 27939 | Vaults:1 | Received a gift from Okawaru
 28308 | Vaults:1 | Found Lanuwuhe's Weapon Shoppe.
 28438 | Vaults:1 | Identified the +0 pair of boots "Hajerav" {rC- rN+ Will+}
                  | (Okawaru gifted it to you on level 1 of the Vaults)
 28438 | Vaults:1 | Received a gift from Okawaru
 28746 | Vaults:1 | Noticed an Ice Fiend
 28928 | Vaults:1 | Reached XP level 19. HP: 191/191 MP: 23/23
 29412 | Vaults:1 | Received a gift from Okawaru
 29618 | Vaults:1 | Reached skill level 22 in Fighting
 30145 | Vaults:2 | Found Isom's Book Shop.
 30161 | Vaults:2 | Noticed Zenata
 30172 | Vaults:2 | Received a gift from Okawaru
 30177 | Vaults:2 | Killed Zenata
 31060 | Vaults:3 | Identified the +4 war axe "Git Quri" {freeze, Int+4}
                  | (Okawaru gifted it to you on level 3 of the Vaults)
 31060 | Vaults:3 | Received a gift from Okawaru
 31351 | Vaults:3 | Reached XP level 20. HP: 202/202 MP: 24/24
 31423 | Vaults:3 | Identified the +2 chain mail of Wrong Decisions {rElec}
                  | (Okawaru gifted it to you on level 3 of the Vaults)
 31423 | Vaults:3 | Received a gift from Okawaru
 31535 | Vaults:3 | Reached skill level 23 in Fighting
 31869 | Vaults:3 | Found a staircase to the Crypt.
 32226 | Vaults:4 | Noticed Bai Suzhen
 32234 | Vaults:4 | Killed Bai Suzhen
 32950 | Vaults:4 | Noticed Sojobo
 32958 | Vaults:4 | Killed Sojobo
 33042 | Vaults:4 | Identified the +5 long sword of Noon {protect, rC+}
                  | (Okawaru gifted it to you on level 4 of the Vaults)
 33042 | Vaults:4 | Received a gift from Okawaru
 33691 | Vaults:5 | Entered Level 5 of the Vaults
 33691 | Vaults:5 | Noticed a dread lich
 33710 | Vaults:5 | Reached skill level 24 in Fighting
 33806 | Vaults:5 | Killed a dread lich
 33807 | Vaults:5 | Received a gift from Okawaru
 33817 | Vaults:5 | Reached XP level 21. HP: 188/215 MP: 21/25
 33847 | Vaults:5 | Found the +11 Singing Sword {sonic wave}
 33850 | Vaults:5 | Noticed a golden dragon
 33869 | Vaults:5 | Killed a golden dragon
 33872 | Vaults:5 | Received a gift from Okawaru
 33918 | Vaults:5 | Got a silver rune of Zot
 33923 | Vaults:5 | Identified the +1 scale mail of the Forgotten Thickets
                  | {Slay+3}
 33962 | Vaults:5 | Reached skill level 25 in Fighting
 34031 | Vaults:5 | Identified the +1 robe "Naucuelada" {Regen+ Stlth+}
                  | (Okawaru gifted it to you on level 5 of the Vaults)
 34031 | Vaults:5 | Received a gift from Okawaru
 34195 | Vaults:5 | Found the +8 demon trident "Rift" {distort, reach+}
 34208 | Vaults:5 | Identified the +2 dagger of Attainder {pain, rC+ rN+ rCorr
                  | Str-2}
 34613 | Vaults:5 | Identified the +9 sling "Duceudis" {freeze, Will++ Dex+6}
 34886 | Vaults:5 | Found Singi's Book Shop.
 34923 | Vaults:5 | Noticed a golden dragon
 34930 | Vaults:5 | Killed a golden dragon
 34982 | Vaults:5 | Found Maro's Jewellery Shoppe.
 34983 | Vaults:5 | Found Recuimen's Antique Weapon Boutique.
 34986 | Vaults:5 | Found Taduith's Jewellery Shop.
 35298 | Elf:1    | Entered Level 1 of the Elven Halls
 35549 | Elf:1    | Found Xajol's Jewellery Emporium.
 35660 | Abyss:3  | Cast into level 3 of the Abyss (a deep elf sorcerer)
 35719 | Elf:1    | Escaped the Abyss
 36250 | Elf:2    | Identified the +3 dire flail of the Dancing Hawk {freeze,
                  | Contam rPois Str+5 Dex+3}
 36295 | Elf:2    | Reached XP level 22. HP: 228/228 MP: 26/26
 36710 | Elf:2    | Found a runed translucent gate.
 36711 | Elf:2    | Found a runed translucent gate.
 36711 | Elf:2    | Found a runed translucent gate.
 36742 | Elf:3    | Entered Level 3 of the Elven Halls
 36750 | Elf:3    | Noticed Nikola
 36761 | Elf:3    | Paralysed by an air elemental for 1 turns
 36762 | Elf:3    | Killed Nikola
 36782 | Elf:3    | Found Weasoqonn's General Store.
 36817 | Elf:3    | Reached skill level 26 in Fighting
 37564 | Elf:3    | Identified the ring of Esijinag {rC+ rN+ Dex+4}
 37593 | Elf:3    | Identified the +5 kite shield of the Invisible Hand {Will++
                  | Int+9 Dex-3} (Okawaru gifted it to you on level 3 of the
                  | Elven Halls)
 37593 | Elf:3    | Received a gift from Okawaru
 37598 | Abyss:3  | Cast into level 3 of the Abyss (a deep elf demonologist)
 37655 | Abyss:3  | Noticed a dread lich
 37659 | Abyss:3  | Paralysed by a dread lich for 5 turns
 37667 | Abyss:3  | Killed a dread lich
 37812 | Abyss:3  | Noticed a dread lich
 37820 | Abyss:3  | Killed a dread lich
 37878 | Elf:3    | Escaped the Abyss
 37968 | Elf:3    | Identified the +6 war axe of the Orange Skies {pain, rF+++
                  | Will- Int+9 Dex-2}
 38049 | Elf:3    | Identified the +6 sling of a volcano {freeze, Int+7}
 38155 | Elf:3    | Identified the +1 helmet of the Heavens {rC+ rCorr Slay-4
                  | SInv}
 38845 | Depths:1 | Entered Level 1 of the Depths
 38975 | Depths:1 | Found a runed translucent gate.
 38975 | Depths:1 | Found a runed translucent gate.
 38976 | Depths:1 | Found a runed translucent gate.
 38976 | Depths:1 | Noticed Decipherer's ghost (adept MiBe)
 38979 | Depths:1 | Found a viscous altar of Jiyva.
 38988 | Depths:1 | Identified the +9 war axe "Newtbane" {pain, Fragile rPois
                  | Will++ Int-4} (Okawaru gifted it to you on level 1 of the
                  | Depths)
 38988 | Depths:1 | Received a gift from Okawaru
 38995 | Depths:1 | Killed Decipherer's ghost
 39030 | Depths:1 | Identified the +1 pair of gloves of Langoifa {Drain +Blink
                  | rC+}
 39060 | Depths:1 | Found Veisyufu's Antique Armour Shop.
 39107 | Depths:1 | Found a gateway to Hell.
 39126 | Depths:1 | Reached XP level 23. HP: 238/238 MP: 27/27
 39251 | Depths:1 | Found Acletis's Magic Scroll Shoppe.
 39254 | Depths:1 | Bought a scroll of enchant armour for 172 gold pieces
 39254 | Depths:1 | Bought a scroll of enchant armour for 172 gold pieces
 39254 | Depths:1 | Bought a scroll of teleportation for 69 gold pieces
 39254 | Depths:1 | Bought a scroll of magic mapping for 172 gold pieces
 39411 | Depths:1 | Found Awnik's Jewellery Shop.
 39731 | Depths:2 | Found the +5 glaive of the Guard {elec, spectral, AC+5}
 39741 | Depths:2 | Identified the +2 hat of Bitterness {rPois} (Okawaru gifted
                  | it to you on level 2 of the Depths)
 39741 | Depths:2 | Received a gift from Okawaru
 39938 | Depths:2 | Found a one-way gate leading to the halls of Pandemonium.
 40013 | Depths:2 | Reached skill level 27 in Fighting
 40061 | Depths:2 | Found a one-way gateway to a ziggurat.
 40797 | Depths:3 | Identified the +5 hand axe of the Keeping Moth {vamp, Will+
                  | rCorr Int-3}
 41318 | Depths:3 | Received a gift from Okawaru
 41469 | Depths:3 | Found a one-way gate to the infinite horrors of the Abyss.
 41588 | Depths:4 | Entered Level 4 of the Depths
 41897 | Depths:4 | Found a gate to the Realm of Zot.
 42077 | Depths:4 | Reached XP level 24. HP: 197/249 MP: 27/27
 42186 | Depths:4 | Found Tetrumia's Jewellery Shop.
 42193 | Depths:4 | Found Bitef's Jewellery Shop.
 42194 | Depths:4 | Found Ugunueserph's Book Emporium.
 42195 | Depths:4 | Found Guiqaat's Jewellery Shop.
 42582 | Crypt:1  | Entered Level 1 of the Crypt
 42948 | Depths:4 | Bought the ring "Cebrif" {rN+ AC+4} for 991 gold pieces
 43323 | Crypt:1  | You fall into a shaft and drop 1 floor!
 43357 | Crypt:2  | Identified the +4 ring mail of Precision Catastrophes
                  | {rPois rC+}
 44336 | Crypt:2  | Paralysed by a vampire knight for 5 turns
 44343 | Crypt:2  | Received a gift from Okawaru
 44638 | Crypt:3  | Entered Level 3 of the Crypt
 44640 | Crypt:3  | Found a staircase to the Tomb.
 44641 | Crypt:3  | Noticed an ancient lich
 44653 | Crypt:3  | Killed an ancient lich
 44659 | Crypt:3  | Found a transporter.
 44675 | Crypt:3  | Noticed Xtahua
 44683 | Crypt:3  | Noticed Grunn
 44687 | Crypt:3  | Killed Xtahua
 44703 | Crypt:3  | Noticed an ancient lich
 44892 | Crypt:3  | Killed Grunn
 44964 | Crypt:3  | Paralysed by a vampire knight for 5 turns
 44978 | Crypt:3  | Paralysed by a vampire knight for 3 turns
 45011 | Crypt:3  | Identified the ring of Apie {rElec rC+ AC+4}
 45016 | Crypt:3  | Identified the +1 rapier of the Inferno {flame, rPois Will+
                  | Dex-5}
 45047 | Crypt:3  | Found an ancient bone altar of Kikubaaqudgha.
 45064 | Crypt:3  | Paralysed by a vampire knight for 4 turns
 45278 | Crypt:3  | Found a transporter.
 45278 | Crypt:3  | Noticed Bauwoixt's ghost (veteran GrFi)
 45285 | Crypt:3  | Identified the ring of Araco {Str+4 Int-2 Slay+4}
 45285 | Crypt:3  | Identified the ring "Kaerel" {Wiz Int+4 SInv}
 45294 | Crypt:3  | Noticed Xoga's ghost (adept DDNe)
 45294 | Crypt:3  | Identified the ring of Zuyssumy {rCorr Str+6 Int+3 Dex+4}
 45319 | Crypt:3  | Noticed Saint Roka
 45332 | Crypt:3  | Killed Saint Roka
 45608 | Crypt:3  | Received a gift from Okawaru
 45652 | Crypt:3  | Identified the +5 bardiche of Irrepressible Laughter
                  | {heavy, Will++ Dex+4}
 45691 | Crypt:3  | Paralysed by a vampire knight for 5 turns
 45868 | Crypt:3  | Reached XP level 25. HP: 256/257 MP: 27/27
 45906 | Crypt:3  | Paralysed by a vampire knight for 3 turns
 46437 | Slime:1  | Entered Level 1 of the Pits of Slime
 46477 | Slime:2  | Found a viscous altar of Jiyva.
 46548 | Slime:5  | Entered Level 5 of the Pits of Slime
 46556 | Slime:5  | Gained mutation: You are dopey. (Int -2) [a shining eye]
 46557 | Slime:5  | Gained mutation: You are weak. (Str -2) [a shining eye]
 46558 | Slime:5  | Gained mutation: Your magical capacity is low. (-10% MP) [a
                  | shining eye]
 46560 | Slime:5  | Gained mutation: You have hidden genetic defects. [a
                  | shining eye]
 46563 | Slime:5  | Gained mutation: You are clumsy. (Dex -2) [a shining eye]
 46566 | Slime:5  | Received a gift from Okawaru
 46570 | Slime:5  | Gained mutation: You are very dopey. (Int -4) [a shining
                  | eye]
 46622 | Slime:4  | Lost mutation: Your natural rate of healing is unusually
                  | fast. [potion of mutation]
 46622 | Slime:4  | Lost mutation: Your magical capacity is low. (-10% MP)
                  | [potion of mutation]
 46622 | Slime:4  | Lost mutation: You have hidden genetic defects. [potion of
                  | mutation]
 46622 | Slime:4  | Gained mutation: You have a pair of large horns on your
                  | head. [potion of mutation]
 46623 | Slime:4  | Lost mutation: You have supernaturally acute eyesight.
                  | (SInv) [potion of mutation]
 46623 | Slime:4  | Lost mutation: You have a pair of large horns on your head.
                  | [potion of mutation]
 46623 | Slime:4  | Gained mutation: You are very weak. (Str -4) [potion of
                  | mutation]
 46623 | Slime:4  | Gained mutation: You have hidden genetic potential. [potion
                  | of mutation]
 46624 | Slime:4  | Lost mutation: You are very weak. (Str -4) [potion of
                  | mutation]
 46624 | Slime:4  | Lost mutation: You have hidden genetic potential. [potion
                  | of mutation]
 46624 | Slime:4  | Gained mutation: You are frail. (-10% HP) [potion of
                  | mutation]
 46624 | Slime:4  | Gained mutation: You expend magic power (3 MP) to
                  | strengthen your wands. [potion of mutation]
 46625 | Slime:4  | Lost mutation: You are very dopey. (Int -4) [potion of
                  | mutation]
 46625 | Slime:4  | Lost mutation: You are weak. (Str -2) [potion of mutation]
 46625 | Slime:4  | Lost mutation: You expend magic power (3 MP) to strengthen
                  | your wands. [potion of mutation]
 46625 | Slime:4  | Gained mutation: Your flesh is cold resistant. (rC+)
                  | [potion of mutation]
 46625 | Slime:4  | Gained mutation: Your muscles are strong. (Str +4, Int/Dex
                  | -1) [potion of mutation]
 46657 | Slime:5  | Found a viscous altar of Jiyva.
 46658 | Slime:5  | Noticed the Royal Jelly
 46673 | Slime:5  | Killed the Royal Jelly
 46747 | Slime:5  | Found the macabre finger necklace {Finger+ rN+}
 46757 | Slime:5  | Got a slimy rune of Zot
 46803 | Slime:5  | Identified the +7 dagger "Loith" {vamp, Drain rPois rC+
                  | Str+6}
 46814 | Slime:5  | Reached XP level 26. HP: 239/239 MP: 27/27
 46820 | Slime:5  | Identified the +5 trident of Resumed Hostilities {pain,
                  | Str+3}
 46863 | Slime:3  | Gained mutation: You occasionally lose the ability to read
                  | scrolls when taking damage. [a shining eye]
 46902 | Lair:5   | Lost mutation: You are dopey. (Int -2) [potion of mutation]
 46902 | Lair:5   | Lost mutation: Your muscles are strong. (Str +4, Int/Dex
                  | -1) [potion of mutation]
 46902 | Lair:5   | Lost mutation: Your flesh is cold resistant. (rC+) [potion
                  | of mutation]
 46902 | Lair:5   | Gained mutation: You are partially covered in iridescent
                  | scales. (AC +2) [potion of mutation]
 46902 | Lair:5   | Gained mutation: You have sharp toenails. [potion of
                  | mutation]
 46902 | Lair:5   | Gained mutation: Your mind is acute. (Int +4, Str/Dex -1)
                  | [potion of mutation]
 46903 | Lair:5   | Lost mutation: You have sharp toenails. [potion of
                  | mutation]
 46903 | Lair:5   | Lost mutation: You are frail. (-10% HP) [potion of
                  | mutation]
 46903 | Lair:5   | Lost mutation: You are partially covered in iridescent
                  | scales. (AC +2) [potion of mutation]
 46903 | Lair:5   | Lost mutation: Your mind is acute. (Int +4, Str/Dex -1)
                  | [potion of mutation]
 46903 | Lair:5   | Gained mutation: You are partially covered in large bone
                  | plates. (SH +4) [potion of mutation]
 46904 | Lair:5   | Lost mutation: You occasionally lose the ability to read
                  | scrolls when taking damage. [potion of mutation]
 46904 | Lair:5   | Lost mutation: You are partially covered in large bone
                  | plates. (SH +4) [potion of mutation]
 46904 | Lair:5   | Lost mutation: You are clumsy. (Dex -2) [potion of
                  | mutation]
 46904 | Lair:5   | Gained mutation: You occasionally lose the ability to read
                  | scrolls when taking damage. [potion of mutation]
 46904 | Lair:5   | Gained mutation: You have a pair of large horns on your
                  | head. [potion of mutation]
 46904 | Lair:5   | Gained mutation: Your flesh is heat resistant. (rF+)
                  | [potion of mutation]
 46905 | Lair:5   | Lost mutation: You occasionally lose the ability to read
                  | scrolls when taking damage. [potion of mutation]
 46905 | Lair:5   | Lost mutation: You have a pair of large horns on your head.
                  | [potion of mutation]
 46905 | Lair:5   | Gained mutation: Armour fits poorly on your strangely
                  | shaped body. [potion of mutation]
 46905 | Lair:5   | Gained mutation: Your spells are a little harder to cast,
                  | but a little more powerful. [potion of mutation]
 46906 | Lair:5   | Lost mutation: Armour fits poorly on your strangely shaped
                  | body. [potion of mutation]
 46906 | Lair:5   | Lost mutation: Your spells are a little harder to cast, but
                  | a little more powerful. [potion of mutation]
 46906 | Lair:5   | Lost mutation: Your flesh is heat resistant. (rF+) [potion
                  | of mutation]
 46906 | Lair:5   | Gained mutation: You are partially covered in iridescent
                  | scales. (AC +2) [potion of mutation]
 46906 | Lair:5   | Gained mutation: Your muscles are strong. (Str +4, Int/Dex
                  | -1) [potion of mutation]
 47279 | Zig:1    | Entered Level 1 of a ziggurat
 47280 | Zig:1    | Noticed Oguof the pandemonium lord
 47289 | Zig:1    | Killed Oguof the pandemonium lord
 47405 | Zig:2    | Entered Level 2 of a ziggurat
 47409 | Zig:2    | Paralysed by a wendigo for 1 turns
 47436 | Zig:3    | Entered Level 3 of a ziggurat
 47479 | Zig:4    | Entered Level 4 of a ziggurat
 47585 | Zig:5    | Entered Level 5 of a ziggurat
 47637 | Zig:6    | Entered Level 6 of a ziggurat
 47651 | Zig:6    | Identified the +0 chain mail of the Breadfruit {Dex+2}
                  | (Okawaru gifted it to you on level 6 of a ziggurat)
 47651 | Zig:6    | Received a gift from Okawaru
 47691 | Zig:7    | Entered Level 7 of a ziggurat
 47698 | Zig:7    | Found the +8 autumn katana {manifold assault}
 47836 | Zig:7    | Identified the +1 helmet of Kleptomania {rElec Regen+ Str+5
                  | Dex-5}
 47840 | Zig:7    | Reached XP level 27. HP: 273/273 MP: 27/27
 47848 | Zig:8    | Entered Level 8 of a ziggurat
 48179 | Zig:8    | Identified the ring "Tycs" {Contam Fly rElec rPois Will+
                  | Str+3}
 48193 | Zig:9    | Entered Level 9 of a ziggurat
 48305 | Zig:9    | Identified the +1 leather armour "Osytzisa" {Slay+2}
 48324 | Zig:9    | Got the Monograph on the Missiles and Sciomancy
 48329 | Zig:9    | Identified the ring "Tyephiwk" {Fire rN+++ MP-9 Str-3
                  | Dex+2}
 48337 | Zig:10   | Entered Level 10 of a ziggurat
 48358 | Zig:10   | HP: 11/273 [balrug/bolt of fire (4)]
 48358 | Zig:10   | HP: 1/273 [balrug/+2 demon whip of electrocution (7)]
 48359 | Zig:10   | Killed from afar by a balrug

Illustrated notes

Levels and vault maps discovered:
D:1:      ldierk_walled_garden, layout_basic,
          hellmonk_ecumenical_altar_pennies_from_heaven
D:2:      layout_rooms, basic_altar, roderic_malta_cross, minmay_distorted,
          uniq_jessica, uniq_crazy_yiuf_cottage, uniq_robin, uniq_sigmund
D:3:      layout_loops_ring, serial_shops, nicolae_square_shop,
          serial_bayou_pond_e
D:4:      layout_rooms, uniq_grinder
D:5:      lemuel_ice_spiral_2, layout_basic
D:6:      layout_loops_corners, serial_shops, shop, uniq_menkaure, uniq_edmund,
          uniq_blork_the_orc
D:7:      layout_rooms, kennysheep_mini_moat, minmay_temple_entry_grid,
          serial_shops, nicolae_diamond_shop, kennysheep_flooded_box
D:8:      cheibrodos_quashed, layout_basic, nicolae_blasting_shop,
          grunt_decor_junction
D:9:      layout_roguey, hellmonk_lair_entry_icy, uniq_prince_ribbit1
D:10:     layout_cave_pods, gammafunk_ghost_hive, minmay_misc_feat_cross,
          uniq_psyche, uniq_amaemon, uniq_fannar
D:11:     layout_gridville
D:12:     kennysheep_spiral_hall, layout_long_grid,
          minmay_orc_entry_temple_small, kennysheep_pointless_box
D:13:     layout_cave_pools, nicolae_trove_entry_crystal, lemuel_flamethrower_3,
          uniq_frances
D:14:     layout_roguey, david_vaults_4, columned_hall_lemuel
D:15:     grunt_enter_depths_giant_problem, layout_basic, serial_rivers,
          chequers_serial_rivers_room_b, chequers_serial_rivers_large_b,
          chequers_serial_rivers_small_b, chequers_serial_rivers_micro_b,
          chequers_serial_rivers_large_a, chequers_serial_rivers_micro_a
Temple:   nicolae_temple_the_god_donut
Lair:1:   layout_hall_layers, disabler_island, lemuel_fruit_tree
Lair:2:   layout_loops_ring, swamp_mist, gammafunk_ghost_abyssal_escape
Lair:3:   layout_regular_city, nicolae_snake_entry_squirm
Lair:4:   layout_small_grid, grunt_megastairs_4
Lair:5:   minmay_lair_end_frog_pond, layout_gridlike, slime_entry_1
Swamp:1:  layout_basic_swamp, evilmike_swamp_ruin_house_5
Swamp:2:  layout_basic_swamp, nicolae_swamp_fairy_circle, swamp_pool5
Swamp:3:  layout_falls_marsh, evilmike_swamp_ruin_house_1
Swamp:4:  swamp, layout_basic_swamp, ebering_ghost_inner_flame
Snake:1:  layout_layer_cave
Snake:2:  layout_chambers, serial_shops, nicolae_shop_crystal,
          fake_guardian_serpent_vault
Snake:3:  layout_chambers, grunt_megastairs_3
Snake:4:  snake_pit, layout_cave_town, serial_shops, shop_statue, drop_trap,
          hangedman_snake_pattern, uniq_donald, uniq_roxanne
Slime:1:  layout_caves
Slime:2:  layout_caves, basic_altar
Slime:3:  layout_caves
Slime:4:  layout_caves
Slime:5
Orc:1:    layout_caves, biasface_ghost_orc_armoury, serial_shops
Orc:2:    st_orc_ogre_mass, layout_diamond_mine, enter_volcano_4,
          nicolae_orc_lost_temple
Elf:1:    eino_elf_arrival_the_gate, layout_loops_ring, serial_shops, shop,
          hangedman_elf_disciples, grunt_ministairs_6, minivault_24
Elf:2:    nicolae_elf_blades_crystal_corner, layout_loops_corners
Elf:3:    minmay_elf_hall_spiked, layout_onion_city, serial_shops,
          nicolae_shop_stone, uniq_nikola
Vaults:1: v_misc_10, hangedman_vaults_variations, hangedman_vaults_corner,
          dpeg_vaults_pockets_of_resistance, vaults_room_mumra_shop_pool,
          hangedman_vaults_hat, nicolae_vaults_little_squares_4,
          vaults_dpeg_diagonal, layout_vaults_omnicross
Vaults:2: v_misc_4, ontoclasm_vaults_spin, v_misc_29, nicolae_vaults_asterisk,
          vaults_room_hangedman_quadrants, vaults_standard_mumra_x,
          nicolae_vaults_network_s, vaults_dpeg_doors, dpeg_vaults_monster_box,
          nicolae_vaults_big_angled_halls, nicolae_vaults_angled_halls,
          ontoclasm_vaults_shuriken, nicolae_vaults_little_squares_3,
          layout_vaults_maze_bifur, serial_shops, shop, uniq_zenata
Vaults:3: minmay_crypt_entry_nasty_monster, v_misc_27, v_misc_26,
          nicolae_vaults_little_ls, grunt_vaults_funnel, grunt_vaults_trifunnel,
          grunt_vaults_twisty, layout_vaults_big_room
Vaults:4: vaults_dpeg_hooks, vaults_room_fancy_cross, v_alt_pattern_1,
          v_misc_31, hangedman_vaults_snaps, nicolae_vaults_border_crossing,
          layout_vaults_quadrants, uniq_bai_suzhen, uniq_sojobo
Vaults:5
Crypt:1:  layout_regular_city
Crypt:2:  layout_regular_city, minivault_23, amcnicky_mini_rare_corridor_liquid
Crypt:3:  church_of_pain_bobbens, layout_chaotic_city, nzn_ghost_randoct,
          uniq_saint_roka, uniq_grunn, uniq_xtahua
Depths:1: layout_honeycomb, gammafunk_ghost_ooze, serial_shops,
          nicolae_lakefront_shop, shop, nicolae_shop_trees, hell_entry,
          kennysheep_boxes
Depths:2: minmay_shoctagon, layout_basic, enter_ziggurat_f,
          hangedman_geh_valley, minmay_misc_feat_secret_circle,
          rand_demon_pan_entry_8, nicolae_elevator_lobby_asterisk
Depths:3: wad_cavern_with_rooms, layout_cave_pools, rand_demon_pan_entry_5,
          pf_hell_entry_tar_spiral, minmay_misc_feat_encased,
          marbit_kobold_abyss_entry, infiniplex_staircase_split_hallway
Depths:4: evilmike_zot_entry_argh, layout_twisted_cross,
          hangedman_abyss_or_decor_stabs, serial_shops, shop, hell_entry,
          minmay_splitting_lines, minmay_shop_grove
Zig:10

Skill      XL: |  1  2  3  4  5  6  7  8  9 10 11 12 13 14 15 16 17 18 19 20 21 22 23 24 25 26 |
---------------+-------------------------------------------------------------------------------+-----
Dodging        | 1 2 3 4 5 7 8 9 10 12 13 14 15 16 17 18 19 20 21 22 23 | 23.6
Shields        | 4 5 6 7 8 9 11 12 13 14 15 16 17 18 19 20 21 22 23 24 25 | 25.6
Fighting       | 4 5 6 7 8 9 11 12 13 15 17 19 20 21 22 24 25 26 27 | 27.0
Armour         | 4 5 6 7 8 9 11 12 13 14 15 16 17 18 19 20 21 22 23 24 25 | 25.6
Axes           | 3 4 5 6 8 9 10 12 13 14 15 16 17 18 19 20 21 22 23 24 25 26 | 26.6
Invocations    | 3 5 7 |  7.0

Action                   |  1- 3 |  4- 6 |  7- 9 | 10-12 | 13-15 | 16-18 | 19-21 | 22-24 | 25-27 || total
-------------------------+-------+-------+-------+-------+-------+-------+-------+-------+-------++-------
Melee: War axe           |    71 |   119 |   240 |   505 |   983 |   332 |       |       |       ||  2250
       Headbutt          |     6 |     9 |    52 |    89 |   237 |   304 |   266 |   278 |    59 ||  1300
       Broad axe         |       |       |       |       |       |   887 |  1028 |  1122 |   231 ||  3268
Invok: Heroism           |       |       |       |       |     4 |     5 |     4 |     3 |     3 ||    19
       Finesse           |       |       |       |       |     2 |     2 |     4 |     3 |     3 ||    14
Evoke: Wand              |       |       |       |     1 |    33 |       |       |     6 |       ||    40
  Use: Scroll            |       |    14 |     8 |    10 |     7 |     2 |     9 |     7 |     5 ||    62
       Potion            |       |     7 |       |     5 |     2 |     2 |     6 |    15 |    16 ||    53
 Stab: Petrified         |       |       |       |     1 |       |       |       |       |       ||     1
       Invisible         |       |       |       |       |       |       |     4 |     7 |     2 ||    13
Armor: Swamp dragon scal |    31 |    53 |    44 |       |       |       |       |       |       ||   128
       Scale mail        |     4 |       |    57 |   332 |    66 |       |       |       |       ||   459
       Skin              |       |     7 |       |       |       |       |       |       |       ||     7
       Pearl dragon scal |       |       |       |       |   294 |   556 |   361 |   607 |   150 ||  1968
       Plate armour      |       |       |       |       |    11 |       |       |       |       ||    11
Dodge: Dodged            |    36 |    58 |   120 |   265 |   405 |   584 |   399 |   653 |   159 ||  2679
Block: Buckler           |    18 |    38 |     5 |       |   717 |  1142 |   820 |   880 |   194 ||  3814
       Kite shield       |       |       |   109 |   351 |   162 |       |       |       |       ||   622
       Reflection        |       |       |       |     5 |    43 |   102 |    68 |       |       ||   218

Table legend: (Time is in decaauts)
 A = Elapsed time spent in this place.
 B = Non-inter-level travel time spent in this place.
 C = Inter-level travel time spent in this place.
 D = Time resting spent in this place.
 E = Time spent auto-exploring this place.
 F = Levels seen in this place.
 G = Mean time per level.
                   A        B        C        D        E       F      G
               +--------+--------+--------+--------+--------+-----+--------+
         Total |  48079 |  42800 |   5279 |   1400 |  30561 |  65 |  739.7 |
       Dungeon |  13229 |  11241 |   1988 |    287 |   8343 |  15 |  881.9 |
        Temple |    331 |    292 |     39 |      0 |    275 |   1 |  331.0 |
          Lair |   5385 |   4348 |   1037 |      0 |   3565 |   5 | 1077.0 |
         Swamp |   2818 |   2681 |    137 |    218 |   1794 |   4 |  704.5 |
     Snake Pit |   5039 |   4686 |    353 |      0 |   3747 |   4 | 1259.8 |
    Slime Pits |    450 |    445 |      5 |     45 |      0 |   5 |   90.0 |
  Orcish Mines |   1647 |   1376 |    271 |      0 |    966 |   2 |  823.5 |
   Elven Halls |   3041 |   2822 |    219 |     24 |   1959 |   3 | 1013.7 |
        Vaults |   7420 |   6792 |    628 |     76 |   5041 |   5 | 1484.0 |
         Crypt |   2891 |   2764 |    127 |     47 |   1849 |   3 |  963.7 |
        Depths |   4000 |   3529 |    471 |      7 |   2570 |   4 | 1000.0 |
         Abyss |    344 |    344 |      0 |      0 |    221 |   2 |  172.0 |
      Ziggurat |   1085 |   1085 |      0 |    696 |      0 |  10 |  108.5 |
         Trove |     32 |     32 |      0 |      0 |      0 |   1 |   32.0 |
       Volcano |    360 |    360 |      0 |      0 |    229 |   1 |  360.0 |
               +--------+--------+--------+--------+--------+-----+--------+

Top non-repeatable levels by time:
Vaults:1: 1850 daAuts
Vaults:4: 1624 daAuts
 Snake:1: 1462 daAuts
Vaults:2: 1414 daAuts
 Snake:3: 1333 daAuts
Vaults:5: 1322 daAuts
  Lair:1: 1301 daAuts
    D:14: 1293 daAuts
 Crypt:3: 1262 daAuts
    D:10: 1217 daAuts
    D:12: 1217 daAuts
Vaults:3: 1208 daAuts
   Elf:3: 1200 daAuts
 Snake:4: 1128 daAuts
 Snake:2: 1115 daAuts
